 Dungeon Crawl Stone Soup version 0.31-a0-774-g0d66cbabe8 (webtiles) character file.

Game seed: 11733618226880901217

130462 SmokeWeed the Impaler (level 16, -15/127 HPs)
             Began as a Demonspawn Gladiator on Sept 17, 2023.
             Was an Initiate of Gozag.
             Killed from afar by a Hell Sentinel (25 damage)
             ... with damnation
             ... summoned by a deep elf demonologist
             ... on level 3 of the Elven Halls on Sept 18, 2023.
             The game lasted 02:43:33 (27224 turns).

SmokeWeed the Impaler (Demonspawn Gladiator)       Turns: 27224, Time: 02:43:36

Health: -15/127    AC: 34    Str: 26    XL:     16   Next: 53%
Magic:  0/28       EV: 20    Int: 18    God:    Gozag
Gold:   2200       SH:  0    Dex: 22    Spells: 29/31 levels left

rFire   + . .        g - +2 halberd "Qiek" {flame, Str+6 Dex+3 SInv}
rCold   . . .        (shield currently unavailable)
rNeg    . . .        d - +10 plate armour of the Trees {rF+ Int+2}
rPois   +            (helmet unavailable)
rElec   .            X - scarf {repulsion}
rCorr   +            M - +2 pair of gloves
SInv    +            Z - +0 pair of boots
Will    +....        E - amulet of Mugiaba {Regen+ Str+2 SInv} Stlth
                     w - +4 ring of protection
HPRegen 2.01/turn    F - ring of Departure {Contam rPois rCorr Int+6 Stlth+}
MPRegen 0.42/turn

%: repel missiles, guardian spirit
@: mighty, agile, about to teleport, wereblooded (expiring), gold aura,
invisible
A: horns 3, repulsion field 2, powered by pain 2, magic shield, magic
regeneration, hooves 1, regeneration 1
a: Renounce Religion, Potion Petition, Call Merchant, Bribe Branch


You were on level 3 of the Elven Halls.
You worshipped Gozag.
Gozag was most pleased with you.
You visited 5 branches of the dungeon, and saw 23 of its levels.

You collected 5311 gold pieces.
You spent 2271 gold pieces at shops.
You paid 840 gold pieces to Gozag.

Inventory:

Hand Weapons
 c - a +2 dire flail of pain
 e - the +5 shortbow "Umarimm" {heavy, rElec rPois rN++ Str-3}
   (You found it on level 4 of the Lair of Beasts)

   Str-3:     It affects your strength (-3).
   rElec:     It insulates you from electricity.
   rPois:     It protects you from poison rN++: It greatly protects you from
   negative energy.
 g - the +2 halberd "Qiek" (weapon) {flame, Str+6 Dex+3 SInv}
   (You acquired it on level 3 of the Dungeon)

   Str+6:     It affects your strength (+6).
   Dex+3:     It affects your dexterity (+3).
   SInv:      It lets you see invisible.
 A - a +3 short sword of draining
 D - a +3 battleaxe
 P - the +4 falchion "Q" {heavy, rF- rC- Will+ Int+6}
   (You found it on level 7 of the Dungeon)

   Int+6:     It affects your intelligence (+6).
   rF-:       It makes you vulnerable to fire.
   rC-:       It makes you vulnerable to cold.
   Will+:     It increases your willpower.
Missiles
 n - 23 poisoned darts
 Q - 3 atropa-tipped darts
 R - 2 throwing nets
Armour
 d - the +10 plate armour of the Trees (worn) {rF+ Int+2}
   (You bought it in a shop on level 9 of the Dungeon)

   Int+2:     It affects your intelligence (+2).
   rF+:       It protects you from fire.
 l - a scarf of invisibility
 p - a +4 ring mail of poison resistance
 s - the +2 hat of the Bear Spirit {Spirit, Bear, *Rage Will++}
   (You bought it in a shop on level 2 of the Elven Halls)

   Bear:      Going berserk makes the wearer exceptionally tough, and they are
   slowed for a shorter time afterward.
   Will++:    It greatly increases your willpower.
   *Rage:     It berserks you when you make melee attacks (+20% chance).
 M - a +2 pair of gloves (worn)
 N - a +2 hat
 X - a scarf of repulsion (worn)
 Z - a +0 pair of boots (worn)
Jewellery
 a - a ring of flight
 r - the ring of Wogos {rC- rN+ Will+++ rCorr Int+2 SInv}
   (You took it off a centaur warrior on level 11 of the Dungeon)

   [ring of resist corrosion]

   Int+2:     It affects your intelligence (+2).
   rC-:       It makes you vulnerable to cold.
   rN+:       It protects you from negative energy.
   Will+++:   It greatly increases your willpower.
   SInv:      It lets you see invisible.
   rCorr:     It protects you from acid and corrosion.
 v - a +4 ring of protection
 w - a +4 ring of protection (left hand)
 z - an amulet of reflection
 E - the amulet of Mugiaba (around neck) {Regen+ Str+2 SInv}
   (You found it on level 11 of the Dungeon)

   [amulet of regeneration]

   Str+2:     It affects your strength (+2).
   SInv:      It lets you see invisible.
   Regen+:    It increases your rate of health regeneration.
 F - the ring of Departure (right hand) {Contam rPois rCorr Int+6 Stlth+}
   (You acquired it on level 7 of the Dungeon)

   [ring of intelligence]

   Int+6:     It affects your intelligence (+6).
   rPois:     It protects you from poison Contam: It causes magical
   contamination when unequipped.
   rCorr:     It protects you from acid and corrosion.
   Stlth+:    It makes you more stealthy.
 O - a +6 ring of strength
Talismans
 o - a dragon-blood talisman
Wands
 b - a wand of flame (42)
 t - a wand of polymorph (5)
 u - a wand of mindburst (9)
 B - a wand of paralysis (9)
 H - a wand of roots (9)
 U - a wand of acid (6)
Scrolls
 f - 2 scrolls of amnesia
 i - 2 scrolls of teleportation
 j - 3 scrolls of fog
 k - 4 scrolls of identify
 I - a scroll of silence
 J - 3 scrolls of blinking
 S - a scroll of fear
 Y - 2 scrolls of enchant weapon
Potions
 m - 9 potions of curing
 q - a potion of brilliance
 C - a potion of magic
 G - a potion of lignification
 K - 4 potions of enlightenment
 L - 5 potions of might
 T - a potion of cancellation
 V - a potion of ambrosia
 W - a potion of berserk rage


   Skills:
 * Level 12.3 Fighting
 + Level 3.5 Long Blades
 + Level 15.6 Polearms
 + Level 1.1 Ranged Weapons
 + Level 6.5 Throwing
 * Level 11.9 Armour
 + Level 6.6 Dodging
 + Level 5.7 Stealth
 + Level 8.0 Spellcasting
 + Level 4.0 Necromancy
 + Level 7.1 Transmutations
 * Level 8.0 Evocations


You had 29 spell levels left.
You knew the following spells:

 Your Spells              Type           Power      Damage    Failure   Level
a - Wereblood             Tmut           33%        N/A       6%          2

Your spell library contained the following spells:

 Spells                   Type           Power      Damage    Failure   Level
 Passwall                 Tmut/Erth      16%        N/A       28%         2
 Cigotuvi's Dreadful Rot  Necr/Pois/Air  24%        N/A       56%         2
 Foxfire                  Conj/Fire      28%        2x1d5     63%         1
 Sandblast                Erth           14%        2d6       63%         1
 Ignite Poison            Fire/Tmut/Pois 15%        N/A       67%         3
 Scorch                   Fire           14%        2d5       77%         2
 Dispel Undead            Necr           21%        3d11      83%         4
 Hailstorm                Conj/Ice       7%         3d4       94%         3
 Stone Arrow              Conj/Erth      14%        3d7       94%         3
 Volatile Blastmotes      Fire/Tloc      14%        2d11      94%         3
 Irradiate                Conj/Tmut      10%        3d15      99%         5
 Brom's Barrelling Bould  Conj/Erth      7%         2d3       100%        4
 Flame Wave               Conj/Fire      7%         2d5       100%        4
 Fulminant Prism          Conj/Hex       3%         3d5       100%        4
 Iskenderun's Mystic Bla  Conj/Tloc      7%         2d4       100%        4
 Summon Ice Beast         Ice/Summ       7%         N/A       100%        4
 Freezing Cloud           Conj/Ice/Air   3%         6-21      100%        5
 Conjure Ball Lightning   Conj/Air       3%         3x3d6     100%        6
 Death Channel            Necr           10%        N/A       100%        6
 Plasma Beam              Fire/Air       3%         2x1d13    100%        6
 Starburst                Conj/Fire      3%         6d3       100%        6
 Summon Cactus Giant      Summ           3%         N/A       100%        6
 Discord                  Hex            3%         N/A       100%        8
 Disjunction              Tloc           3%         N/A       100%        8
 Simulacrum               Ice/Necr       Unusable   N/A       N/A         6

Dungeon Overview and Level Annotations

Branches:
Dungeon (12/15)            Temple (1/1) D:5            Lair (5/5) D:10
  Swamp (0/4) Lair:3       Spider (0/4) Lair:2        Slime (0/5) Lair:4
    Orc (2/2) D:11            Elf (3/3) Orc:2

Altars:
Ashenzari
Cheibriados
Dithmenos
Fedhas
Gozag
Hepliaklqana
Kikubaaqudgha
Makhleb
Nemelex Xobeh
Okawaru
Qazlal
Ru
Sif Muna
Trog
Uskayaw
Vehumet
Wu Jian
Xom
Yredelemnul
Jiyva

Shops:
D:1 [   D:9 [   D:11 (([?   Orc:2 [*(**!([   Elf:2 [

Portals:
Trove: D:12 (give 13 scrolls of teleportation)

Annotations:
D:12 2 transporters, Azrael; bahustanut's ghost, journeyman TrBe


Innate Abilities, Weirdness & Mutations

You have a pair of large horns on your head.
You are surrounded by a moderate repulsion field. (EV +3)
You sometimes gain power by taking damage.
When hurt, damage is shared between your health and your magic reserves.
You regenerate magic rapidly.
You have large cloven feet.
Your natural rate of healing is unusually fast.


Message History

The soul eater disappears in a puff of smoke!
The deep elf sorcerer mumbles some strange words.
The deep elf sorcerer glows brightly for a moment.
As you read the scroll of teleportation, it crumbles to dust.
You feel strangely unstable.
The hellwing gives a chilling moan.
The Tzitzimitl is no longer distracted by gold.
The Hell Sentinel barely misses you.
The Hell Sentinel hits you but does no damage.
The Tzitzimitl calls on the powers of darkness!
The deep elf demonologist convulses!
The deep elf elementalist convulses!
The deep elf master archer convulses!
The deep elf sorcerer convulses!
The deep elf elementalist convulses!
The deep elf demonologist convulses! x2
The deep elf annihilator convulses!
The deep elf high priest convulses!
The deep elf annihilator convulses!
The deep elf demonologist convulses!
Your body is wracked with pain!
* * * LOW HITPOINT WARNING * * *
The deep elf demonologist casts a spell.
The deep elf demonologist mumbles some strange words.
You hit the Hell Sentinel.
The Hell Sentinel is heavily wounded.
Your primal bloodlust is almost over.
The hellwing gives a chilling moan.
The sun demon shouts!
The sixfirhy disappears in a puff of smoke!
The Hell Sentinel hits you!
* * * LOW HITPOINT WARNING * * *
The Hell Sentinel hits you.
* * * LOW HITPOINT WARNING * * *
The deep elf demonologist gestures wildly while chanting.
The deep elf annihilator is distracted by your dazzling golden aura.
The deep elf annihilator shouts!
You hear a roar!
You hear a shout!
The deep elf elementalist is no longer moving quickly.
The +5 heavy mace is distracted by your dazzling golden aura.
The deep elf sorcerer is distracted by your dazzling golden aura.
The Tzitzimitl is distracted by your dazzling golden aura.
The Hell Sentinel gestures at you.
The sphere of damnation explodes!
The damnation engulfs you!!
You die...
Your body crumbles into a pile of gold.

#.......'.....+
#.......#######
#.......#
##.....##
##.##### ##..#
#..## #.## #@#
#$# ####1#


#eeee# #..e1e2# ....44eee ...2414e1e ....(..ee.e e...e4.e3e.e You could see a
Hell Sentinel (summoned), 2 Tzitzimimeh, a cacodemon (summoned), a deep elf
master archer (unable to see you), 2 deep elf annihilators, a deep elf sorcerer
(fast, unaware), 2 deep elf elementalists, 3 deep elf demonologists, 2 ice
devils and a +5 heavy mace (wandering, unable to see you).

Vanquished Creatures
  2 deep elf blademasters
  3 deep elf sorcerers (Elf:3)
  2 deep elf elementalists (Elf:3)
  An orc warlord (Orc:2)
  A stone giant (Orc:2)
  Nessos (Orc:2)
  2 deep elf annihilators (Elf:3)
  A deep elf death mage (Elf:3)
  2 ettins
  Josephine (D:10)
  2 hydras (Lair:2)
  An ogre mage (D:11)
  2 ghost crabs (Lair:3)
  A catoblepas (Lair:3)
  3 boulder beetles (D:11)
  A centaur warrior (D:11)
  Erica (Lair:2)
  6 two-headed ogres
  A death knight (D:11)
  34 dancing weapons
  3 orc high priests
  22 deep elf knights
  A shadow wraith (D:11)
  Nergalle (D:12)
  A skeletal warrior (D:11)
  2 skysharks (Lair:4)
  Amaemon (Lair:2)
  2 spectral hydras (Lair:3)
  A lindwurm (Lair:4)
  6 deep elf archers
  Pikel (D:6)
  9 orc knights (Orc:2)
  21 deep elf pyromancers
  15 deep elf zephyrmancers
  2 orc sorcerers
  3 ugly things
  3 manticores
  8 cyclopes
  17 elephants
  2 centaur zombies (D:10)
  A gargoyle (D:11)
  2 black mambas
  An orange demon (Lair:3)
  2 kobold demonologists (D:11)
  A cane toad (Lair:3)
  3 unseen horrors
  5 rime drakes
  6 komodo dragons
  2 unseen horror zombies (D:10)
  A yaktaur (D:11)
  Jeremiah (D:7)
  An efreet (D:11)
  8 trolls
  Prince Ribbit (D:6)
  A tarantella (shapeshifter) (Elf:2)
  2 hornets
  8 saltlings (Orc:2)
  3 blink frogs (Lair:2)
  A spectral black mamba (Lair:3)
  A jumping spider (Lair:2)
  3 shadows
  2 water elementals
  5 air elementals
  6 wraiths
  5 vampires
  45 yaks
  2 wyverns (D:11)
  A steam dragon (D:7)
  8 basilisks
  4 fire elementals
  A redback (Lair:2)
  5 vampire mosquitoes
  A spectral cane toad (Lair:3)
  3 wargs
  3 acid dragons
  5 hell hounds
  31 water moccasins
  An ice beast (D:6)
  18 orc warriors
  4 sky beasts
  5 ogres
  5 centaurs
  A boggart (D:11)
  5 wolves (Lair:1)
  A spectral rime drake (Lair:3)
  The ghost of SmokeWeed the Shooter, an amateur DEHu (D:3)
  A kobold brigand (D:7)
  18 bullfrogs
  An earth elemental (Elf:3)
  5 gnoll sergeants
  5 wights (D:6)
  5 killer bees
  5 electric eels
  2 howler monkeys
  6 hounds
  3 jellies
  2 gnoll boudas
  15 orc priests
  Ijyb (D:3)
  3 sleepcaps
  An iguana (D:6)
  27 orc wizards
  A howler monkey zombie (D:10)
  21 gnolls
  10 adders
  A white imp (D:8)
  An ufetubus (D:7)
  84 orcs
  6 ball pythons
  5 endoplasms
  8 goblins
  6 hobgoblins
  10 jackals
  5 quokkas
  9 bats
  2 frilled lizards (D:1)
  13 kobolds
693 creatures vanquished.

Vanquished Creatures (others)
  A deep elf annihilator (Elf:3)
  4 deep elf knights
  An orc sorcerer (Orc:2)
  2 deep elf zephyrmancers
  An adder (Lair:2)
9 creatures vanquished.

Grand Total: 702 creatures vanquished

Notes
Turn   | Place    | Note
-------+----------+-------------------------------------------
     0 | D:1      | SmokeWeed the Demonspawn Gladiator began the quest for the
                  | Orb.
     0 | D:1      | Reached XP level 1. HP: 16/16 MP: 1/1
   247 | D:1      | Gained mutation: You are surrounded by a mild repulsion
                  | field. (EV +2) [demonic ancestry]
   247 | D:1      | Reached XP level 2. HP: 22/22 MP: 2/2
   634 | D:1      | Found Ishual's Antique Armour Shoppe.
   986 | D:2      | Found a shimmering altar of Xom.
  1204 | D:2      | Reached XP level 3. HP: 27/27 MP: 3/3
  1481 | D:2      | Found a faded altar of an unknown god.
  1891 | D:3      | Identified a scroll of acquirement
  1891 | D:3      | Acquired the +2 halberd "Qiek" {flame, Str+6 Dex+3 SInv}
  2097 | D:3      | Noticed Ijyb
  2111 | D:3      | Killed Ijyb
  2174 | D:3      | Reached XP level 4. HP: 14/33 MP: 4/4
  2177 | D:3      | Reached skill level 1 in Polearms
  2177 | D:3      | Reached skill level 1 in Armour
  2452 | D:3      | Gained mutation: You have a pair of small horns on your
                  | head. [demonic ancestry]
  2452 | D:3      | Reached XP level 5. HP: 39/39 MP: 5/5
  2487 | D:3      | Reached skill level 2 in Polearms
  2513 | D:3      | Learned a level 2 spell: Wereblood
  2585 | D:3      | Found a runed translucent gate.
  2585 | D:3      | Found a runed translucent gate.
  2585 | D:3      | Found a runed translucent gate.
  2585 | D:3      | Noticed SmokeWeed's ghost (amateur DEHu)
  3302 | D:4      | Noticed a +0 spear
  3302 | D:4      | Noticed a +0 falchion
  3306 | D:4      | Noticed a +0 dagger
  3306 | D:4      | Noticed a +0 short sword
  3306 | D:4      | Noticed a +0 short sword
  3307 | D:4      | Noticed a +0 dagger
  3307 | D:4      | Noticed a +0 falchion
  3307 | D:4      | Noticed a +0 spear
  3309 | D:4      | Found a hide-covered altar of Uskayaw.
  3627 | D:4      | Reached skill level 3 in Polearms
  3827 | D:5      | Entered Level 5 of the Dungeon
  3856 | D:5      | Gained mutation: You sometimes gain a little power by
                  | taking damage. [demonic ancestry]
  3856 | D:5      | Reached XP level 6. HP: 41/46 MP: 6/6
  3984 | D:5      | Found a staircase to the Ecumenical Temple.
  4172 | D:5      | Reached skill level 4 in Polearms
  4494 | D:6      | Noticed a water moccasin
  4559 | D:6      | Noticed an ice beast
  4565 | D:6      | Killed an ice beast
  4566 | D:6      | Reached XP level 7. HP: 40/51 MP: 7/7
  4611 | D:6      | Reached skill level 5 in Polearms
  4624 | D:6      | Reached skill level 6 in Polearms
  5005 | D:6      | Reached XP level 8. HP: 51/58 MP: 8/8
  5040 | D:6      | Noticed Pikel
  5053 | D:6      | Killed Pikel
  5054 | D:6      | Reached skill level 7 in Polearms
  5211 | D:6      | Reached skill level 8 in Polearms
  5243 | D:6      | Found a blossoming altar of Fedhas.
  5296 | D:6      | Gained mutation: You sometimes gain power by taking damage.
                  | [demonic ancestry]
  5296 | D:6      | Reached XP level 9. HP: 50/65 MP: 9/9
  5424 | D:6      | Noticed Prince Ribbit
  5443 | D:6      | Killed Prince Ribbit
  5939 | D:7      | Reached skill level 9 in Polearms
  5939 | D:7      | Acquired the ring of Departure {Contam rPois rCorr Int+6
                  | Stlth+}
  6063 | D:7      | Identified the +4 falchion "Q" {heavy, rF- rC- Will+ Int+6}
  6393 | D:7      | Reached skill level 1 in Stealth
  6566 | D:7      | Noticed Jeremiah
  6573 | D:7      | Killed Jeremiah
  7035 | D:8      | Reached skill level 10 in Polearms
  7367 | D:8      | Gained mutation: You are surrounded by a moderate repulsion
                  | field. (EV +3) [demonic ancestry]
  7367 | D:8      | Reached XP level 10. HP: 73/73 MP: 10/10
  7923 | D:9      | Found Himaprei's Antique Armour Shop.
  8581 | D:10     | Entered Level 10 of the Dungeon
  8594 | D:10     | Reached skill level 1 in Spellcasting
  8612 | D:10     | Reached skill level 5 in Fighting
  8740 | D:10     | Noticed a two-headed ogre
  8753 | D:10     | Killed a two-headed ogre
  8754 | D:10     | Reached skill level 5 in Armour
  8904 | D:10     | Found a faded altar of an unknown god.
  8904 | D:10     | Found a faded altar of an unknown god.
  8916 | D:10     | Found a broken altar of Ashenzari.
  8918 | D:10     | Found a sparkling altar of Nemelex Xobeh.
  9013 | D:10     | Reached skill level 11 in Polearms
  9018 | D:10     | Reached skill level 5 in Dodging
  9172 | D:10     | Gained mutation: You regenerate magic rapidly. [demonic
                  | ancestry]
  9172 | D:10     | Reached XP level 11. HP: 80/80 MP: 15/15
  9265 | D:10     | Reached skill level 1 in Evocations
  9324 | D:10     | Noticed Josephine
  9345 | D:10     | Killed Josephine
  9363 | D:10     | Reached skill level 1 in Transmutations
  9692 | D:10     | Found a staircase to the Lair.
 10117 | D:10     | Gained mutation: Your muscles are strong. (Str +4, Int/Dex
                  | -1) [potion of mutation]
 10117 | D:10     | Gained mutation: You are dopey. (Int -2) [potion of
                  | mutation]
 10118 | D:10     | Lost mutation: You are dopey. (Int -2) [potion of mutation]
 10118 | D:10     | Lost mutation: Your muscles are strong. (Str +4, Int/Dex
                  | -1) [potion of mutation]
 10118 | D:10     | Gained mutation: You are agile. (Dex +4, Str/Int -1)
                  | [potion of mutation]
 10156 | D:11     | Noticed a brown ugly thing
 10166 | D:11     | Killed a brown ugly thing
 10182 | D:11     | Noticed a boulder beetle
 10182 | D:11     | Noticed a boulder beetle
 10191 | D:11     | Identified the ring of Wogos {rC- rN+ Will+++ rCorr Int+2
                  | SInv}
 10191 | D:11     | Noticed a centaur warrior
 10193 | D:11     | Noticed a boulder beetle
 10205 | D:11     | Noticed a two-headed ogre
 10209 | D:11     | Killed a two-headed ogre
 10218 | D:11     | Noticed an ogre mage
 10221 | D:11     | Noticed a cyan ugly thing
 10227 | D:11     | Killed a boulder beetle
 10266 | D:11     | Killed a centaur warrior
 10420 | D:11     | Reached skill level 12 in Polearms
 10490 | D:11     | Reached XP level 12. HP: 81/89 MP: 18/18
 10724 | D:11     | Found Aduul Vut's Armour Boutique.
 10783 | D:11     | Lost mutation: You are agile. (Dex +4, Str/Int -1) [potion
                  | of mutation]
 10783 | D:11     | Gained mutation: You have hidden genetic defects. [potion
                  | of mutation]
 10783 | D:11     | Gained mutation: You have very sharp teeth. [potion of
                  | mutation]
 10847 | D:11     | Killed a boulder beetle
 10920 | D:11     | Reached skill level 5 in Spellcasting
 10924 | D:11     | Paralysed by an ogre mage for 4 turns
 10930 | D:11     | Killed an ogre mage
 11119 | D:11     | Killed a boulder beetle
 11423 | Lair:1   | Entered Level 1 of the Lair of Beasts
 11556 | Lair:1   | Gained mutation: Your magical capacity is low. (-10% MP)
                  | [hidden defects]
 11621 | Lair:1   | Reached skill level 5 in Throwing
 12970 | Lair:2   | Reached skill level 5 in Evocations
 12985 | Lair:2   | Gained mutation: Armour fits poorly on your strangely
                  | shaped body. [hidden defects]
 12985 | Lair:2   | Lost mutation: You have hidden genetic defects. [hidden
                  | defects expressed]
 13087 | Lair:2   | Noticed Erica
 13109 | Lair:2   | Killed Erica
 13268 | Lair:2   | Found a hole to the Spider Nest.
 13370 | Lair:2   | Noticed an eight-headed hydra
 13376 | Lair:2   | Killed a five-headed hydra
 14152 | Lair:2   | Noticed a five-headed hydra
 14190 | Lair:2   | Gained mutation: You have a pair of horns on your head.
                  | [demonic ancestry]
 14190 | Lair:2   | Reached XP level 13. HP: 92/96 MP: 19/19
 14749 | Temple   | Entered the Ecumenical Temple
 14844 | Temple   | Became a worshipper of Gozag Ym Sagoz the Greedy
 15085 | Lair:3   | Noticed Amaemon
 15175 | Lair:2   | Killed Amaemon
 15474 | Lair:3   | Reached skill level 5 in Transmutations
 15762 | Lair:3   | Reached skill level 13 in Polearms
 15980 | Lair:3   | Lost mutation: You have very sharp teeth. [potion of
                  | mutation]
 15980 | Lair:3   | Lost mutation: Armour fits poorly on your strangely shaped
                  | body. [potion of mutation]
 15980 | Lair:3   | Lost mutation: Your magical capacity is low. (-10% MP)
                  | [potion of mutation]
 15980 | Lair:3   | Gained mutation: Your natural rate of healing is unusually
                  | fast. [potion of mutation]
 15980 | Lair:3   | Gained mutation: You have large cloven feet. [potion of
                  | mutation]
 16446 | Lair:3   | Found a staircase to the Swamp.
 17392 | Lair:4   | Identified the +5 shortbow "Umarimm" {heavy, rElec rPois
                  | rN++ Str-3}
 17648 | Lair:4   | Reached skill level 1 in Ranged Weapons
 17833 | Lair:4   | Found a viscous altar of Jiyva.
 17834 | Lair:4   | Found a staircase to the Slime Pits.
 18570 | Lair:5   | Entered Level 5 of the Lair of Beasts
 18767 | D:11     | Found Tuosugy's Antique Weapon Shop.
 18769 | D:11     | Found Jeodgh's Antique Weapon Boutique.
 18927 | D:11     | Gained mutation: When hurt, damage is shared between your
                  | health and your magic reserves. [demonic ancestry]
 18927 | D:11     | Reached XP level 14. HP: 86/104 MP: 24/24
 18952 | D:11     | Identified the amulet of Mugiaba {Regen+ Str+2 SInv}
 18988 | D:11     | Found a staircase to the Orcish Mines.
 19047 | D:11     | Found Begib's Magic Scroll Shop.
 19438 | D:11     | Acquired 947 gold pieces
 20625 | D:3      | Killed SmokeWeed's ghost
 21945 | D:9      | Bought a polished plate armour for 952 gold pieces
 21945 | D:9      | Identified the +10 plate armour of the Trees {rF+ Int+2}
                  | (You bought it in a shop on level 9 of the Dungeon)
 22354 | D:12     | Noticed Nergalle
 22369 | D:12     | Killed Nergalle
 22396 | D:12     | Noticed bahustanut's ghost (journeyman TrBe)
 22399 | D:12     | Found a transporter.
 22805 | D:12     | Found a portal to a secret trove of treasure.
 22807 | D:12     | Noticed Azrael
 22838 | D:12     | Found a transporter.
 22885 | Orc:1    | Entered Level 1 of the Orcish Mines
 23188 | Orc:2    | Entered Level 2 of the Orcish Mines
 23273 | Orc:2    | Found Yveixiol's Weapon Shop.
 23345 | Orc:2    | Reached skill level 14 in Polearms
 23395 | Orc:2    | Found a staircase to the Elven Halls.
 23433 | Orc:2    | Noticed Nessos
 23464 | Orc:2    | Killed Nessos
 23591 | Orc:2    | Paralysed by an orc sorcerer for 4 turns
 23638 | Orc:2    | Noticed a stone giant
 23652 | Orc:2    | Killed a stone giant
 23653 | Orc:2    | Reached skill level 5 in Stealth
 23676 | Orc:2    | Found Xoptanko's Distillery.
 23682 | Orc:2    | Bought a potion of might for 56 gold pieces
 23682 | Orc:2    | Bought a potion of invisibility for 112 gold pieces
 23758 | Orc:2    | Found Itain's Assorted Antiques.
 23761 | Orc:2    | Found Vijir's Antique Weapon Boutique.
 23791 | Orc:2    | Found Ylev Zio's Antique Armour Shop.
 23791 | Orc:2    | Noticed an orc warlord
 23895 | Orc:2    | Killed an orc warlord
 23954 | Orc:2    | Found Kaifuev's Specific Store.
 23956 | Orc:2    | Found Hesafairgh's General Store.
 24261 | Orc:2    | Found Qyammuav's Armour Emporium.
 24624 | Elf:1    | Entered Level 1 of the Elven Halls
 24650 | Elf:1    | Reached XP level 15. HP: 103/114 MP: 22/26
 24847 | Elf:1    | Paralysed by an orc sorcerer for 2 turns
 24862 | Elf:1    | Reached skill level 10 in Armour
 24948 | Elf:1    | Reached skill level 10 in Fighting
 25121 | Elf:1    | Reached skill level 15 in Polearms
 25136 | Elf:1    | Paralysed by an air elemental for 1 turns
 25139 | Elf:1    | Paralysed by an air elemental for 1 turns
 25292 | Elf:1    | You fall into a shaft and drop 1 floor!
 25349 | Elf:2    | Found a runed translucent gate.
 25353 | Elf:2    | Found a runed translucent gate.
 25353 | Elf:2    | Found a runed translucent gate.
 25436 | Elf:2    | Noticed a deep elf blademaster
 25445 | Elf:2    | Killed a deep elf blademaster
 25559 | Elf:2    | Reached skill level 1 in Necromancy
 25797 | Elf:2    | Bought the +2 hat of the Bear Spirit {Spirit, Bear, *Rage
                  | Will++} for 1151 gold pieces
 25797 | Elf:2    | Found the +2 hat of the Bear Spirit {Spirit, Bear, *Rage
                  | Will++}
 25908 | Elf:2    | Gained mutation: You have a pair of large horns on your
                  | head. [demonic ancestry]
 25908 | Elf:2    | Reached XP level 16. HP: 67/126 MP: 19/28
 26030 | Elf:2    | Paralysed by an air elemental for 1 turns
 26726 | Elf:2    | Paralysed by an air elemental for 1 turns
 26731 | Elf:2    | Paralysed by an air elemental for 1 turns
 26889 | Elf:3    | Entered Level 3 of the Elven Halls
 27057 | Elf:3    | Paralysed by an air elemental for 1 turns
 27187 | Elf:3    | Noticed a Hell Sentinel
 27190 | Elf:3    | Noticed a deep elf blademaster
 27191 | Elf:3    | Noticed a Tzitzimitl
 27192 | Elf:3    | Noticed a Hell Sentinel
 27198 | Elf:3    | Noticed a deep elf master archer
 27204 | Elf:3    | Killed a deep elf blademaster
 27206 | Elf:3    | Noticed a Tzitzimitl
 27213 | Elf:3    | Noticed a Brimstone Fiend
 27224 | Elf:3    | Noticed a Tzitzimitl
 27224 | Elf:3    | Killed from afar by a Hell Sentinel

Illustrated notes

Levels and vault maps discovered:
D:1:      dpeg_arrival_rooms_b, layout_loops_ring, serial_shops, shop
D:2:      layout_basic, ebering_ecumenical_altar_mist, basic_altar,
          minmay_pentomino_p4
D:3:      layout_basic, ebering_ghost_rock_garden, serial_forest,
          infiniplex_forest_straight_4, infiniplex_forest_lined_corner,
          infiniplex_forest_straight_3, infiniplex_forest_end_1,
          infiniplex_forest_clump_cross, infiniplex_forest_zigzag_1,
          infiniplex_forest_clump_C, grunt_decor_clamped, uniq_ijyb
D:4:      layout_loops_ring, nicolae_uskayaw_en_pointe
D:5:      layout_gridville, temple_pool_b, nicolae_letterblocks
          [nicolae_letter_subblock, nicolae_letter_subblock,
          nicolae_letter_subblock, nicolae_letter_subblock,
          nicolae_letter_subblock, nicolae_letter_subblock,
          nicolae_letter_subblock, nicolae_letter_subblock,
          nicolae_letter_subblock, nicolae_letter_subblock,
          nicolae_letter_subblock, nicolae_letter_subblock,
          nicolae_letter_subblock, nicolae_letter_subblock,
          nicolae_letter_subblock, nicolae_letter_subblock,
          nicolae_letter_subblock, nicolae_letter_subblock,
          nicolae_letter_subblock, nicolae_letter_subblock,
          nicolae_letter_subblock, nicolae_letter_subblock,
          nicolae_letter_subblock, nicolae_letter_subblock,
          nicolae_letter_subblock]
D:6:      layout_gridville, fedhas_altar_2, nicolae_houndstooth_variations,
          uniq_prince_ribbit1, uniq_pikel
D:7:      layout_loops_ring, grunt_ministairs_14, uniq_jeremiah
D:8:      layout_rooms, bh_walls_and_bars
D:9:      layout_loops_ring, serial_shops, nicolae_shop_behind_doors,
          nicolae_zen_rock_garden
D:10:     layout_loops_cross, chequers_temple_overflow_minitemple,
          dpeg_oklobed_lair, serial_undead, serial_undead_b, serial_undead_c,
          serial_undead_d, serial_undead_c, serial_undead_f,
          chequers_serial_rivers_micro_a, uniq_josephine
D:11:     minmay_the_grid_square_5x5_4x4 [minmay_the_grid_square_5x5_three,
          minmay_the_grid_square_5x5_plus, minmay_the_grid_square_5x5_inner_v,
          minmay_the_grid_square_5x5_inset,
          minmay_the_grid_square_5x5_two_small,
          minmay_the_grid_square_5x5_prize_deathbox,
          minmay_the_grid_square_5x5_prize_itemx,
          minmay_the_grid_square_5x5_gyroscope,
          minmay_the_grid_square_5x5_two_walls_a,
          minmay_the_grid_square_5x5_prize_open,
          minmay_the_grid_square_5x5_prize_waves,
          minmay_the_grid_square_5x5_dogpile,
          minmay_the_grid_square_5x5_shuriken,
          minmay_the_grid_square_5x5_six_small,
          minmay_the_grid_square_5x5_corner,
          minmay_the_grid_square_5x5_moneybag], layout_basic, serial_shops,
          shop, shop, shop, nicolae_shop_mannequins
D:12:     layout_cave_pools, enter_trove_1, gammafunk_ghost_arena, serial_shops,
          nicolae_inconvenience_store, nicolae_figureground_pulse,
          uniq_nergalle, uniq_azrael
Temple:   minmay_temple_bridge_d
Lair:1:   layout_concentric_octagons
Lair:2:   lemuel_reptile_caves, layout_big_grid, spider_nest_entry_a, uniq_erica
Lair:3:   layout_cave_pods, nicolae_swamp_entry_spooky, serial_bayou_pond_e,
          uniq_amaemon
Lair:4:   layout_gridlike, dpeg_slime_entry_enclosed
Lair:5:   hangedman_lair_caniforms_friends, layout_hall_layers,
          hangedman_lair_in_review, serial_bayou, serial_bayou_pond_a,
          serial_bayou_crossing, serial_bayou_pond_c, serial_bayou_ford_a,
          fungi_pond_lemuel
Orc:1:    lemuel_ogre_cave, layout_caves, uniq_sonja, uniq_erolcha
Orc:2:    hellmonk_orc_salted, layout_diamond_mine, serial_shops,
          nicolae_shop_tiny_waterfront, nicolae_lakefront_shop,
          nicolae_specific_store, uniq_nessos
Elf:1:    eino_elf_arrival_customs, layout_loops_corners,
          gammafunk_ghost_fury_of_okawaru, hangedman_elven_crosses_minicolossus
Elf:2:    nicolae_elf_blades_crystal_corner, layout_geoelf_octagon,
          st_stairs_11, nicolae_elf_variegated_diamond
Elf:3:    minmay_elf_hall_quartered_circle, layout_geoelf_octagon

Skill      XL: |  1  2  3  4  5  6  7  8  9 10 11 12 13 14 15 16 |
---------------+-------------------------------------------------+-----
Long Blades    | 3 |  3.5
Dodging        | 3 4 5 6 |  6.6
Throwing       | 2 3 4 5 6 |  6.5
Polearms       | 1 3 4 6 8 10 11 12 13 14 15 | 15.6
Armour         | 1 2 3 4 5 6 7 8 9 11 | 11.9
Fighting       | 3 4 5 6 7 9 11 12 | 12.3
Stealth        | 2 3 4 5 |  5.7
Spellcasting   | 3 4 6 7 8 |  8.0
Evocations     | 4 5 7 8 |  8.0
Transmutations | 2 4 6 7 |  7.1
Ranged Weapons | 1 |  1.1
Necromancy     | 2 4 |  4.0

Action                     |  1- 3 |  4- 6 |  7- 9 | 10-12 | 13-15 | 16-18 || total
---------------------------+-------+-------+-------+-------+-------+-------++-------
  Melee: Long sword        |    65 |       |       |       |       |       ||    65
         Punch             |     1 |       |       |       |       |       ||     1
         Halberd           |    18 |   153 |   217 |   594 |  1248 |   258 ||  2488
         Headbutt          |       |    13 |    47 |   114 |   277 |    64 ||   515
         Bite              |       |       |       |    39 |    10 |       ||    49
   Fire: Shortbow          |       |       |       |       |    12 |       ||    12
  Throw: Stone             |    35 |    14 |       |       |       |       ||    49
         Dart              |     4 |       |       |    22 |    12 |     6 ||    44
         Javelin           |       |       |     8 |     7 |    10 |     3 ||    28
         Throwing net      |       |       |     3 |    10 |     2 |       ||    15
         Boomerang         |       |       |    19 |    77 |    83 |     7 ||   186
   Cast: Wereblood         |       |       |       |    14 |    40 |     5 ||    59
 Invoke: Call Merchant     |       |       |       |       |     1 |       ||     1
  Evoke: Wand              |       |       |       |     1 |    13 |       ||    14
    Use: Scroll            |     4 |     8 |     2 |    17 |     7 |     1 ||    39
         Potion            |       |       |       |     5 |     5 |     2 ||    12
   Stab: Distracted        |     1 |       |       |     1 |     6 |     4 ||    12
         Sleeping          |       |     1 |     4 |     9 |     7 |       ||    21
         Held in net/web   |       |       |       |     8 |     3 |       ||    11
         Petrified         |       |       |       |       |     2 |       ||     2
         Invisible         |       |       |       |       |     8 |     1 ||     9
 Armour: Leather armour    |    10 |       |       |       |       |       ||    10
         Scale mail        |    48 |       |       |       |       |       ||    48
         Ring mail         |     1 |    93 |   110 |   305 |   363 |       ||   872
         Plate armour      |       |       |       |       |   723 |   168 ||   891
  Dodge: Dodged            |    58 |   122 |   130 |   389 |   904 |   114 ||  1717
         Repelled          |       |       |       |       |    26 |    13 ||    39

Table legend: (Time is in decaauts)
 A = Elapsed time spent in this place.
 B = Non-inter-level travel time spent in this place.
 C = Inter-level travel time spent in this place.
 D = Time resting spent in this place.
 E = Time spent auto-exploring this place.
 F = Levels seen in this place.
 G = Mean time per level.
                   A        B        C        D        E       F      G
               +--------+--------+--------+--------+--------+-----+--------+
         Total |  27142 |  23855 |   3287 |   2726 |  12495 |  23 | 1180.1 |
       Dungeon |  15959 |  13263 |   2696 |   1668 |   6793 |  12 | 1329.9 |
        Temple |    169 |     28 |    141 |      0 |      0 |   1 |  169.0 |
          Lair |   6864 |   6630 |    234 |   1004 |   3817 |   5 | 1372.8 |
  Orcish Mines |   1674 |   1523 |    151 |      0 |    969 |   2 |  837.0 |
   Elven Halls |   2474 |   2410 |     64 |     54 |    916 |   3 |  824.7 |
               +--------+--------+--------+--------+--------+-----+--------+

Top non-repeatable levels by time:
    D:11: 2537 daAuts
    D:10: 2173 daAuts
  Lair:2: 2062 daAuts
  Lair:3: 1767 daAuts
     D:6: 1690 daAuts
   Elf:2: 1545 daAuts
  Lair:1: 1529 daAuts
     D:2: 1503 daAuts
     D:3: 1480 daAuts
  Lair:4: 1448 daAuts
   Orc:2: 1374 daAuts
     D:7: 1213 daAuts
     D:1: 1131 daAuts
     D:9: 1111 daAuts
     D:8: 902 daAuts
